 Dungeon Crawl Stone Soup version 0.28-a0-1080-g05a166d0ed (webtiles) character file.

Game seed: 3574090566413548016

2100 yoda5477 the Cleaver (level 9, 0/65 HPs)
             Began as a Demonspawn Fighter on Dec 9, 2021.
             Was an Initiate of Wu Jian.
             Slain by an orc warrior (7 damage)
             ... on level 7 of the Dungeon.
             The game lasted 00:35:30 (8298 turns).

yoda5477 the Cleaver (Demonspawn Fighter)           Turns: 8298, Time: 00:35:31

Health: 0/65       AC: 19    Str: 20    XL:     9   Next: 7%
Magic:  9/9        EV:  7    Int: 11    God:    Wu Jian [......]
Gold:   237        SH:  9    Dex: 12    Spells: 8/8 levels left

rFire   + . .      SeeInvis .   a - +1 war axe (protect)
rCold   + . .      Faith    .   c - +0 buckler
rNeg    . . .      Spirit   .   v - +3 chain mail {rC+}
rPois   +          Reflect  .   (helmet restricted)
rElec   .          Harm     .   (no cloak)
rCorr   .          Rampage  .   (no gloves)
Will    .....                   (no boots)
Stlth   ..........              (no amulet)
HPRegen 0.20/turn               C - ring of poison resistance
MPRegen 0.11/turn               s - ring of protection from fire

@: under a protective aura
A: antennae 2, large bone plates 1, ignite blood 2
a: Renounce Religion


You were on level 7 of the Dungeon.
You worshipped Wu Jian.
Wu Jian was noncommittal.
You visited 2 branches of the dungeon, and saw 8 of its levels.

You collected 237 gold pieces.

Inventory:

Hand Weapons
 a - a +1 war axe of protection (weapon)
 h - a +0 hunting sling
Missiles
 f - 277 stones
 k - 55 bolts
 p - 2 javelins
 q - 17 poisoned darts (quivered)
 w - 46 sling bullets
 y - 7 boomerangs
 D - 73 arrows
Armour
 b - a +0 scale mail
 c - a +0 buckler (worn)
 e - a +0 chain mail
 v - a +3 chain mail of cold resistance (worn)
Jewellery
 g - an amulet of faith
 m - a +4 ring of protection
 s - a ring of protection from fire (right hand)
 t - an amulet of magic regeneration
 C - a ring of poison resistance (left hand)
Wands
 r - a wand of flame (51)
 z - a wand of digging (4)
 E - a wand of paralysis (10)
Scrolls
 l - 3 scrolls of identify
 B - 2 scrolls of enchant weapon
Potions
 d - 2 potions of might
 i - a potion of heal wounds
 j - 4 potions of curing
 n - a potion of ambrosia
 o - a potion of lignification
 u - a potion of cancellation
 x - a potion of magic
 A - a potion of brilliance {unknown}


   Skills:
 + Level 4.2 Fighting
 * Level 9.2 Axes
 + Level 4.4 Armour
 + Level 5.0 Shields


You had 8 spell levels left.
You didn't know any spells.
Your spell library contained the following spells:

 Spells                   Type           Power      Damage    Failure   Level
 Sting                    Tmut/Pois      0%         1d3       98%         1
 Poisonous Vapours        Pois/Air       0%         N/A       99%         2
 Gell's Gravitas          Tloc           0%         N/A       100%        3
 Ignite Poison            Fire/Tmut/Pois 0%         N/A       100%        3
 Mephitic Cloud           Conj/Pois/Air  0%         N/A       100%        3
 Teleport Other           Tloc           0%         N/A       100%        3
 Fulminant Prism          Conj/Hex       0%         3d6       100%        4
 Iskenderun's Mystic Bla  Conj/Tloc      0%         2d3       100%        4
 Olgreb's Toxic Radiance  Pois           0%         N/A       100%        4
 Freezing Cloud           Conj/Ice/Air   0%         6-21      100%        5
 Lee's Rapid Deconstruct  Erth           0%         3d5*      100%        5
 Dispersal                Tloc           0%         N/A       100%        6


Dungeon Overview and Level Annotations

Branches:
Dungeon (7/15)             Temple (1/1) D:6

Altars:
Cheibriados
Fedhas
Hepliaklqana
Kikubaaqudgha
Makhleb
Nemelex Xobeh
Okawaru
Qazlal
Trog
Uskayaw
Vehumet
Wu Jian
Xom
Zin
The Shining One

Shops:
D:4 *

Annotations:
D:3 1 runed translucent door, exclusion: door, Crazy Yiuf
D:5 Grinder


Innate Abilities, Weirdness & Mutations

You have a pair of antennae on your head.
You are partially covered in large bone plates. (SH +4)
Your demonic aura often causes spilled blood to erupt in flames.


Message History

You hit the orc priest but do no damage.
The orc priest is almost dead.
The orc priest barely misses you.
You slash the orc priest!
You kill the orc priest!
The Council accepts your kill.
An orc warrior comes into view. It is wielding a +0 trident.
The orc warrior shouts!
The orc priest begins to cast a cantrip, but forgets the words!
Items here: ))))) [[ ††.
You hit the orc priest but do no damage.
The orc priest barely misses you.
You closely miss the orc priest. You block the orc priest's attack.
You hit the orc priest.
The orc priest is lightly wounded.
The orc priest mumbles some strange prayers to Beogh against you.
Beogh smites you!
* * * LOW HITPOINT WARNING * * *
You hit the orc priest but do no damage.
The orc priest is lightly wounded.
The orc priest hits you but does no damage.
You hit the orc priest.
The orc priest is heavily wounded.
The orc priest looks encouraged for a moment.
The orc warrior misses you.
You barely miss the orc priest.
The orc priest is heavily wounded.
The orc priest hits you with a +0 mace.
* * * LOW HITPOINT WARNING * * *
The orc warrior hits you from afar with a +0 trident.
* * * LOW HITPOINT WARNING * * *
You closely miss the orc priest.
The orc priest is heavily wounded.
The orc priest barely misses you.
The orc warrior hits you but does no damage.
You closely miss the orc priest.
The orc priest is moderately wounded.
The orc priest hits you but does no damage.
The orc warrior hits you from afar with a +0 trident!
You die...

#.....
##...##
##...<.##
##.......##
#......?..#
+.........+
#..o..:...#
##o......##
######@....##
#....>#...##
#####.##+##
#.# #.# #.#
#.# #.. #.#


You could see an orc warrior and an orc priest.

Vanquished Creatures
  Pikel (D:4)
  Eustachio (D:5)
  An ice beast (D:5)
  A necrophage (D:6)
  2 sky beasts (D:6)
  2 ogres
  A centaur (D:6)
  A phantom (D:5)
  2 lemures (D:5)
  A water moccasin zombie (D:5)
  4 water moccasin skeletons
  A bullfrog zombie (D:6)
  2 centaur skeletons
  A jelly (D:5)
  5 orc priests
  An iguana (D:5)
  Jessica (D:3)
  Ijyb (D:3)
  A scorpion zombie (D:5)
  A hound skeleton (D:4)
  A mummy (D:5)
  Robin (D:2)
  3 adders
  A shadow imp (D:5)
  An adder skeleton (D:5)
  An adder zombie (D:5)
  A worm (D:4)
  A dart slug (D:1)
  17 orcs
  6 ball pythons
  6 endoplasms
  2 giant cockroaches
  14 goblins
  10 hobgoblins
  6 jackals
  5 kobolds
  2 quokkas
  6 bats
  A frilled lizard (D:1)
  2 hobgoblin zombies (D:5)
  A kobold zombie (D:5)
  An orc zombie (D:5)
  7 rats
127 creatures vanquished.

Vanquished Creatures (others)
  3 fungi (D:3)
3 creatures vanquished.

Grand Total: 130 creatures vanquished

Notes
Turn   | Place    | Note
-------+----------+-------------------------------------------
     0 | D:1      | yoda5477 the Demonspawn Fighter began the quest for the
                  | Orb.
     0 | D:1      | Reached XP level 1. HP: 18/18 MP: 1/1
   257 | D:1      | Reached skill level 2 in Axes
   277 | D:1      | Gained mutation: You are partially covered in large bone
                  | plates. (SH +4) [demonic ancestry]
   277 | D:1      | Reached XP level 2. HP: 23/24 MP: 2/2
   979 | D:2      | Gained mutation: You have a pair of small antennae on your
                  | head. [demonic ancestry]
   979 | D:2      | Reached XP level 3. HP: 29/29 MP: 3/3
  1149 | D:2      | Reached skill level 3 in Axes
  1729 | D:3      | Noticed Jessica
  1741 | D:3      | Killed Jessica
  1742 | D:3      | Gained mutation: Your demonic aura sometimes causes spilled
                  | blood to erupt in flames. [demonic ancestry]
  1742 | D:3      | Reached XP level 4. HP: 31/35 MP: 4/4
  2116 | D:3      | Reached skill level 4 in Axes
  2129 | D:2      | Reached XP level 5. HP: 21/41 MP: 5/5
  2491 | D:5      | Entered Level 5 of the Dungeon
  2522 | D:4      | Found Teuzy's Neck Hole.
  2596 | D:4      | Found a hazy altar of Hepliaklqana.
  2601 | D:4      | Found a blossoming altar of Fedhas.
  2607 | D:4      | Found a hide-covered altar of Uskayaw.
  2611 | D:4      | Found a burning altar of Makhleb.
  2614 | D:4      | Found an ancient bone altar of Kikubaaqudgha.
  2670 | D:3      | Noticed Ijyb
  2700 | D:3      | Killed Ijyb
  2701 | D:3      | Reached skill level 5 in Axes
  2937 | D:3      | Found a runed translucent door.
  2938 | D:3      | Noticed Crazy Yiuf
  3070 | D:3      | Noticed Robin
  3107 | D:2      | Killed Robin
  3449 | D:3      | Gained mutation: You have a pair of antennae on your head.
                  | [demonic ancestry]
  3449 | D:3      | Reached XP level 6. HP: 36/47 MP: 6/6
  4672 | D:5      | HP: 2/47 [ogre (8)]
  5048 | D:5      | Reached skill level 6 in Axes
  5094 | D:5      | Reached XP level 7. HP: 49/52 MP: 7/7
  5537 | D:5      | Noticed Eustachio
  5570 | D:5      | Reached skill level 7 in Axes
  6066 | D:5      | Noticed Grinder
  6523 | D:6      | Reached XP level 8. HP: 50/58 MP: 8/8
  6773 | D:5      | Killed Eustachio
  6833 | D:5      | Reached skill level 8 in Axes
  7023 | D:5      | Noticed Pikel
  7072 | D:4      | Killed Pikel
  7318 | D:6      | Reached skill level 9 in Axes
  7377 | D:6      | Gained mutation: Your demonic aura often causes spilled
                  | blood to erupt in flames. [demonic ancestry]
  7377 | D:6      | Reached XP level 9. HP: 58/65 MP: 9/9
  7408 | D:6      | Reached skill level 5 in Shields
  7948 | D:6      | Found a staircase to the Ecumenical Temple.
  7957 | Temple   | Entered the Ecumenical Temple
  8012 | Temple   | Became a worshipper of the Wu Jian Council
  8298 | D:7      | Slain by an orc warrior

Illustrated notes

Levels and vault maps discovered:
D:1:      minmay_arrival_diagonal_passages, layout_loops_ring, nrook_uturn,
          minmay_cupped
D:2:      layout_basic, serial_forest, infiniplex_forest_zigzag_1,
          infiniplex_forest_lined_room_2, infiniplex_forest_clump_small,
          infiniplex_forest_lined_ring, infiniplex_forest_lined_2,
          infiniplex_forest_lined_room_2
D:3:      layout_basic, uniq_ijyb, uniq_jessica, uniq_crazy_yiuf_cottage,
          uniq_robin
D:4:      layout_basic, nicolae_overflow_hallway_of_the_gods,
          nicolae_shop_sticking_my_neck_out
D:5:      layout_basic, minmay_mini_ossuary, uniq_grinder, uniq_pikel,
          uniq_eustachio
D:6:      layout_cave_pools, minmay_temple_entry_tees, amethyst_killhole,
          minmay_stone_trees_small
D:7:      layout_loops_corners, chequers_temple_overflow_statue_of_worship,
          hangedman_abyss_or_decor_slice, minmay_misc_feat_x,
          chequers_serial_rivers_large_a, minivault_26,
          hangedman_abyss_or_decor_stabs, grunt_decor_clamped
Temple:   jpeg_temple_island

Skill      XL: |  1  2  3  4  5  6  7  8  9 |
---------------+----------------------------+-----
Axes           | 2 3 4 5 6 7 9 |  9.2
Shields        | 3 4 5 |  5.0
Armour         | 3 4 |  4.4
Fighting       | 4 |  4.2

Action                   |  1- 3 |  4- 6 |  7- 9 || total
-------------------------+-------+-------+-------++-------
Melee: War axe           |   112 |   212 |   230 ||   554
Throw: Dart              |       |     4 |    26 ||    30
  Use: Scroll            |       |     6 |     8 ||    14
       Potion            |       |       |     1 ||     1
Armor: Chain mail        |    70 |   116 |   187 ||   373
Dodge: Dodged            |    34 |    69 |    57 ||   160
Block: Buckler           |    51 |   113 |   122 ||   286

Table legend: (Time is in decaauts)
 A = Elapsed time spent in this place.
 B = Non-inter-level travel time spent in this place.
 C = Inter-level travel time spent in this place.
 D = Time resting spent in this place.
 E = Time spent auto-exploring this place.
 F = Levels seen in this place.
 G = Mean time per level.
                   A        B        C        D        E       F      G
               +--------+--------+--------+--------+--------+-----+--------+
         Total |   8485 |   8237 |    248 |   2361 |   3384 |   8 | 1060.6 |
       Dungeon |   8215 |   7967 |    248 |   2361 |   3127 |   7 | 1173.6 |
        Temple |    270 |    270 |      0 |      0 |    257 |   1 |  270.0 |
               +--------+--------+--------+--------+--------+-----+--------+

Top non-repeatable levels by time:
     D:5: 2581 daAuts
     D:4: 1627 daAuts
     D:2: 1440 daAuts
     D:3: 1100 daAuts
     D:1: 958 daAuts
     D:6: 456 daAuts
  Temple: 270 daAuts
     D:7: 51 daAuts
